Map: Terraform LE (Void)

Players

HALYANG

  • Race: Zerg Zerg
  • League: Platinum

DestroyBoy - Winner!

  • Race: Terran Terran
  • League: Platinum

VOD

Have the link to the VOD?

Description

Time

  • Played on: Sept. 2, 2015, 3:53 a.m.
  • Length: 12:01
Show
View Real Time Build Order
Export as new Build Order

HALYANG Zerg 

Build Orders: Hatch First, Muta Ling Bane 

Get SALT Encoding   

  12  0:00  Drone  
  13  0:14  Overlord  
  13  0:18  Drone  
  14  0:32  Drone  
  14  0:34  Drone  
  16  0:36  Drone  
  17  0:54  Hatchery  
  16  0:59  Drone x2  
  18  1:15  Spawning Pool  
  18  1:17  Drone  
  18  1:21  Extractor  
  18  1:24  Drone  
  18  1:31  Overlord  
  17  2:02  Drone x2  
  17  2:03  Drone, Queen  
  17  2:05  Queen  
  17  2:08  Zergling x2  
  25  2:26  Metabolic Boost  
  25  2:37  Zergling x4  
  25  2:42  Drone x2  
  25  2:43  Drone x2  
  31  2:51  Hatchery  
  30  3:11  Overlord  
  30  3:17  Overlord  
  30  3:18  Overlord  
  30  3:23  Lair  
  30  3:25  Extractor  
  29  3:32  Drone x5  
  34  3:34  Drone  
  34  3:36  Drone  
  36  3:42  Drone x2  
  38  3:52  Drone x4  
  42  3:56  Drone  
  42  3:57  Extractor  
  42  3:58  Extractor  
  40  4:08  Zergling x4  
  40  4:09  Zergling x2  
  43  4:16  Zergling x6  
  44  4:18  Queen  
  46  4:50  Spire  
  42  4:59  Zergling x8  
  44  5:02  Queen x2  
  44  5:03  Queen  
  44  5:05  Overlord x2  
  49  5:13  Overlord x2  
  45  5:46  Overlord x2  
  45  5:54  Drone x4  
  45  5:55  Drone x8  
  57  6:01  Mutalisk  
  59  6:07  Mutalisk  
  59  6:08  Mutalisk  
  61  6:20  Mutalisk  
  57  7:06  Mutalisk x3  
  57  7:07  Mutalisk x3  
  69  7:09  Extractor  
  69  7:12  Extractor  
  69  7:13  Extractor  
  66  7:21  Baneling Nest  
  65  7:26  Drone x3  
  65  7:28  Mutalisk x2  
  72  7:45  Zergling x16  
  72  7:46  Zergling x4  
  65  8:13  Zergling x2  
  65  8:14  Zergling x14  
  49  8:41  Mutalisk  
  49  8:42  Mutalisk x4  
  52  8:49  Drone x3  
  54  8:56  Drone x5  
  54  8:57  Drone x4  
  63  9:12  Zergling x6  
  63  9:17  Zergling x2  
  61  9:19  Zergling x6  
  63  9:27  Zergling x2  
  63  9:28  Centrifical Hooks, Zergling x2  
  63  9:30  Baneling  
  63  9:31  Baneling  
  62  9:33  Baneling x2  
  60  9:43  Zergling x8  
  54  10:00  Mutalisk x3  
  60  10:12  Baneling x5  
  60  10:20  Drone  
  64  10:21  Drone x8  
  63  10:30  Pneumatized Carapace  
  63  10:33  Drone x2  
  65  10:35  Overseer  
  64  10:58  Hatchery  
  63  11:19  Mutalisk x3  
  63  11:23  Drone x7  
  67  11:41  Overseer  
Show
View Real Time Build Order
Export as new Build Order

DestroyBoy Terran - Winner!

Build Orders: Liberator Opening, MMM Bio, Siege Tank Drop 

Get SALT Encoding   

  12  0:01  SCV  
  13  0:13  SCV  
  14  0:21  Supply Depot  
  14  0:25  SCV  
  15  0:33  Refinery  
  15  0:43  SCV  
  15  0:45  Barracks  
  16  0:55  SCV  
  17  1:07  SCV  
  18  1:19  SCV  
  19  1:31  SCV  
  20  1:34  Marine  
  20  1:38  Refinery  
  21  1:44  Supply Depot  
  21  1:50  Factory  
  21  1:54  Reaper  
  21  1:57  SCV  
  23  2:11  SCV  
  24  2:23  SCV  
  24  2:26  Marine  
  26  2:38  SCV, Starport  
  26  2:40  Factory Tech Lab  
  26  2:43  Supply Depot  
  27  2:49  Marine  
  27  2:50  SCV  
  29  3:03  SCV  
  29  3:05  Siege Tank  
  33  3:09  Marine  
  34  3:19  Medivac  
  36  3:21  Command Center  
  36  3:31  Orbital Command  
  36  3:32  Liberator  
  36  3:50  Stimpack  
  39  3:55  Supply Depot  
  39  4:00  Marine  
  40  4:15  SCV  
  41  4:19  Liberator  
  41  4:26  Factory Reactor  
  41  4:27  SCV  
  45  4:49  Marine  
  45  4:50  Armory, Barracks  
  46  4:53  Barracks  
  46  5:01  SCV  
  47  5:07  Marine  
  48  5:18  SCV  
  49  5:25  Marine  
  49  5:27  Command Center  
  50  5:32  Starport Reactor  
  50  5:42  Marine  
  51  5:53  SCV x2  
  53  6:02  Combat Shields  
  53  6:04  Marine  
  53  6:05  SCV x2  
  56  6:17  SCV x2  
  58  6:22  Marine x3  
  61  6:29  SCV  
  61  6:32  Marine x2  
  64  6:34  Factory Reactor  
  62  6:40  Marine x2  
  61  6:56  SCV x2, Marauder, Marine x2  
  61  6:57  Marine, Medivac  
  61  7:00  SCV  
  71  7:01  Marine  
  71  7:08  SCV, Terran Vehicle And Ship Armor Level 1  
  70  7:10  SCV  
  70  7:12  SCV  
  70  7:14  Marine x2  
  74  7:18  Marine x2  
  74  7:19  Widow Mine, Marine  
  74  7:20  SCV, Widow Mine  
  82  7:39  SCV x2  
  82  7:40  Marine  
  82  7:41  Marine  
  85  7:51  SCV x2, Marine x3  
  90  7:58  Marine  
  90  7:59  Marine  
  90  8:00  SCV  
  90  8:01  Widow Mine x2  
  97  8:08  Marine x3  
  95  8:13  Engineering Bay x2  
  81  8:28  Marine x4  
  81  8:29  Medivac, Marine  
  84  8:34  Widow Mine  
  84  8:35  Widow Mine  
  84  8:37  Concussive Shells  
  86  8:46  Marine  
  86  8:47  Marauder  
  87  8:50  Terran Infantry Weapons Level 1, Terran Infantry Armor Level 1  
  87  8:52  Supply Depot x2  
  86  8:58  SCV x2, Marine x2  
  86  8:59  Medivac  
  92  9:08  Marauder  
  94  9:10  SCV  
  94  9:12  Liberator, Widow Mine x2, Marine x2  
  94  9:16  Marine  
  102  9:17  Marine  
  102  9:21  Missile Turret  
  103  9:29  Marine x2  
  103  9:30  Supply Depot  
  108  9:42  Planetary Fortress  
  108  9:45  Missile Turret  
  108  9:46  SCV x2, Refinery  
  108  9:48  Refinery  
  108  9:49  Refinery  
  108  9:51  Marine x2  
  112  10:05  SCV, Liberator  
  113  10:07  Orbital Command  
  113  10:19  Marine x5  
  113  10:20  Widow Mine x2  
  122  10:37  Marine x2  
  122  10:38  SCV  
  122  10:39  SCV x2  
  127  10:46  Factory, Barracks  
  127  10:47  Marauder  
  129  10:51  SCV  
  129  10:53  SCV x2  
  129  10:55  Factory Tech Lab  
  130  11:15  SCV x2  
  130  11:16  SCV  
  133  11:22  Supply Depot  
  133  11:23  Supply Depot x2  
  133  11:25  Marauder, Widow Mine, Marine x4  
  141  11:27  SCV  
  145  11:42  Marine  
Tags
 
Add a new tag
Caveats
  • Supply blocks, unpowered buildings, or Contaminate may cause inaccurate times.
  • Supply counts are checked every 10 seconds.